 Dungeon Crawl Stone Soup version 0.29.1-15-g9cfb28693d (webtiles) character file.

Game seed: 5905077155260349562

86 raph the Chopper (level 4, -3/39 HPs)
             Began as a Hill Orc Berserker on Apr 16, 2023.
             Was a Follower of Trog.
             Slain by Natasha (12 damage)
             ... on level 2 of the Dungeon.
             The game lasted 00:02:28 (3141 turns).

raph the Chopper (Hill Orc Berserker)               Turns: 3141, Time: 00:02:28

Health: -3/39      AC:  2    Str: 19    XL:     4   Next: 50%
Magic:  4/4        EV: 12    Int:  7    God:    Trog [*.....]
Gold:   73         SH:  0    Dex: 12    Spells: 3/3 levels left

rFire   . . .      SeeInvis .   a - +0 hand axe
rCold   . . .      Faith    .   (no shield)
rNeg    . . .      Spirit   .   b - +0 animal skin
rPois   .          Reflect  .   (no helmet)
rElec   .          Harm     .   (no cloak)
rCorr   .          Rampage  .   (no gloves)
Will    .....                   (no boots)
Stlth   +.........              (no amulet)
HPRegen 0.13/turn               (no ring)
MPRegen 0.09/turn               (no ring)

@: on berserk cooldown, slowed, very slow
A: no striking features
a: Renounce Religion, Berserk


You were on level 2 of the Dungeon.
You worshipped Trog.
Trog was aware of your devotion.
You visited 1 branch of the dungeon, and saw 3 of its levels.

You collected 73 gold pieces.

Inventory:

Hand Weapons
 a - a +0 hand axe (weapon)
Armour
 b - a +0 animal skin (worn)
Jewellery
 g - a ring of ice
Scrolls
 d - a scroll of teleportation {unknown}
 f - a scroll of fear {unknown}
Potions
 c - a potion of mutation {unknown}
 e - 2 potions of curing {unknown}
 h - a potion of berserk rage {unknown}


   Skills:
 - Level 3.6 Fighting
 + Level 6.8 Axes
 - Level 2.1 Armour
 - Level 1.5 Dodging


You had 3 spell levels left.
You didn't know any spells.
Your spell library was empty.

Dungeon Overview and Level Annotations

Branches:
Dungeon (3/15)

Altars:

Annotations:
D:2 Natasha


Message History

No target in view!
No target in view!
No target in view!
You start resting.
You feel a strong urge to attack something.
You start resting.
You feel your anger nearly subside.
You are no longer berserk.
You are exhausted.
You feel yourself slow down.
You start resting.
Natasha, Servant of Life and Death comes into view.
Natasha is nearby!
Natasha is nearby!
Natasha stares at you and mumbles some strange words.
You feel as though you will be slow longer.
Natasha wildly gestures.
You feel disoriented. Natasha attacks as you move away! Natasha claws you.
Natasha casts a spell at you. The magic dart hits you.
Natasha wildly gestures.
Natasha glows brightly for a moment.
Natasha mumbles some strange words.
Natasha drinks a potion.
Natasha seems to grow stronger.
The white imp attacks as you move away! The white imp hits you.
The white imp freezes you. The white imp gestures at you.
The puff of frost hits you!
There is a stone staircase leading up here.
Natasha barely misses you. The white imp hits you. The white imp freezes you.
* * * LOW HITPOINT WARNING * * *
Natasha casts a spell at you. You resist with some effort.
You climb upwards.
The white imp disappears in a puff of smoke!
There is a stone staircase leading down here.
You slash Natasha!
Natasha is heavily wounded.
Natasha claws you!
You die...

#.........<# #.....#.# ##.###.
#.......#..# ##.#.##.# #.# #.
....#####..# #.#.##.####.# #.
##### #..### #.#.##.#....# #. .#
##...#####.#.##.#.#### #. .#
#######.#.#...#...##.#.# #. .#
#....##.#.#...#..###.#.######.
.###....##.#.....#..# #.#.#......
.#.......#.##..h@...###.#.#.#####
##.#.....#.#####.#......#.#.#####
#.#.....#.#####.######.#.#.##..†
#.#.....#..............#.#.##...
#.#.....#.#####.#####....#.##...
#.#####.#######.# ######.##...
#.# #.........# ###....##...
#.###################.......#...
#.........................#.####


You could see Natasha (strong).

Vanquished Creatures
  Natasha (D:3)
  An adder (D:3)
  3 dart slugs
  4 bats
  5 endoplasms
  4 giant cockroaches (D:1)
  7 hobgoblins
  4 quokkas
  4 ball pythons
  2 frilled lizards
  4 goblins
  2 kobolds
  A rat (D:1)
42 creatures vanquished.

Notes
Turn   | Place    | Note
-------+----------+-------------------------------------------
     0 | D:1      | raph the Hill Orc Berserker began the quest for the Orb.
     0 | D:1      | Reached XP level 1. HP: 19/19 MP: 1/1
   226 | D:1      | Reached XP level 2. HP: 22/26 MP: 2/2
   529 | D:1      | Reached skill level 5 in Axes
  1110 | D:1      | Reached XP level 3. HP: 30/31 MP: 3/3
  2208 | D:2      | Reached skill level 6 in Axes
  2752 | D:3      | Reached XP level 4. HP: 20/39 MP: 4/4
  3120 | D:3      | Noticed Natasha
  3123 | D:3      | Killed Natasha
  3131 | D:3      | Noticed Natasha
  3141 | D:2      | Slain by Natasha

Illustrated notes

Levels and vault maps discovered:
D:1:      nicolae_arrival_memento_mori, layout_loops_ring
D:2:      layout_basic
D:3:      corexii_shack_village, layout_basic, portal_sewer_entry_a,
          serial_shops, shop, uniq_sigmund, uniq_ijyb, uniq_natasha

Skill      XL: |  1  2  3 |
---------------+----------+-----
Axes           | 5 6 |  6.8
Fighting       | |  3.6
Armour         | |  2.1
Dodging        | |  1.5

Action                   |  1- 3 |  4- 6 || total
-------------------------+-------+-------++-------
Melee: Hand axe          |   128 |     8 ||   136
       Punch             |     2 |       ||     2
Invok: Berserk           |     1 |     2 ||     3
 Stab: Sleeping          |     3 |       ||     3
Armor: Animal skin       |    26 |     1 ||    27
Dodge: Dodged            |    80 |     3 ||    83
